 Dungeon Crawl Stone Soup version 0.26-a0-259-g1effd001a9 (webtiles) character file.

Game seed: 660489946595754835

627 Goblin1989 the Ruffian (level 7, -7/68 HPs)
             Began as a Troll Fighter on July 19, 2020.
             Mangled by an ogre
             ... wielding a +0 giant spiked club
              (12 damage)
             ... on level 4 of the Dungeon.
             The game lasted 00:02:56 (2576 turns).

Goblin1989 the Ruffian (Troll Fighter)              Turns: 2576, Time: 00:02:56

Health: -7/68      AC:  6    Str: 25    XL:     7   Next: 23%
Magic:  6/6        EV:  9    Int:  6    God:
Gold:   211        SH:  9    Dex:  9    Spells: 6/6 levels left

rFire    . . .     SeeInvis .     - Unarmed
rCold    . . .     Faith    .   b - +0 kite shield
rNeg     . . .     Spirit   .   a - +0 robe
rPois    .         Reflect  .   (helmet restricted)
rElec    .         Harm     .   (no cloak)
rCorr    .                      (gloves unavailable)
MR       .....                  (boots unavailable)
Stlth    +.........             (no amulet)
HPRegen  0.61/turn              (no ring)
MPRegen  0.10/turn              (no ring)

@: no status effects
A: large, unfitting armour, claws 3, fast metabolism 1, regeneration 1, shaggy
fur 1, tough skin 3
a: no special abilities


You were on level 4 of the Dungeon.
You were not hungry.

You visited 1 branch of the dungeon, and saw 4 of its levels.

You collected 211 gold pieces.

Inventory:

Armour
 a - a +0 robe (worn)
 b - a +0 kite shield (worn)
Scrolls
 h - a scroll of magic mapping {unknown}
 j - 2 scrolls of identify {unknown}
 k - 5 scrolls of remove curse {unknown}
 l - 2 scrolls of immolation {unknown}
 m - a scroll of teleportation {unknown}
Potions
 c - a potion of might {@q4}
 f - 2 potions of cancellation {unknown}
 g - 4 potions of curing {unknown}
 i - a potion of degeneration {unknown}
Comestibles
 e - 11 rations


   Skills:
 + Level 3.7 Fighting
 + Level 3.8 Dodging
 + Level 3.7 Shields
 * Level 5.3 Unarmed Combat


You had 6 spell levels left.
You didn't know any spells.
Your spell library was empty.

Dungeon Overview and Level Annotations

Branches:
Dungeon (4/15)
 Temple: D:4-7

Altars:
Dithmenos
Nemelex Xobeh
Qazlal
Sif Muna
Wu Jian
The Shining One


Innate Abilities, Weirdness & Mutations

You are too large for most types of armour.
You have claws for hands.
You have a fast metabolism.
Your natural rate of healing is unusually fast.
You are covered in fur. (AC +1)
You have extremely tough skin. (AC +3)


Message History

You now have 195 gold pieces (gained 11).
Found a stone staircase leading down.
You now have 211 gold pieces (gained 16).
There is a stone staircase leading down here.
Found a spear.
A scorpion comes into view.
A scorpion is nearby!
A scorpion is nearby!
A scorpion is nearby!
You scratch the scorpion but do no damage.
The scorpion stings you but does no damage.
You scratch the scorpion but do no damage.
You block the scorpion's attack.
You claw the scorpion!
The scorpion is heavily wounded.
You block the scorpion's attack.
You closely miss the scorpion.
The scorpion is heavily wounded.
You block the scorpion's attack.
You scratch the scorpion.
The scorpion is severely wounded.
The scorpion stings you.
You are poisoned.
The scorpion poisons you!
You take 5 damage, and have 56/61 hp.
You scratch the scorpion but do no damage.
The scorpion is severely wounded.
You feel sick. The scorpion stings you.
You take 1 damage, and have 55/61 hp.
You claw the scorpion!
You kill the scorpion!
Your Unarmed Combat skill increases to level 5!
You feel sick.
Unknown command.
Unknown command.
You feel sick.
You feel sick.
You feel sick.
You feel sick.
You feel sick.
You feel sick.
You feel sick.
You are no longer poisoned.
You eat one of the 12 rations.
That ration really hit the spot!
Found a robe.
Health restored: 61 Menkaure, Prince of Dust comes into view.
Menkaure shouts!
Menkaure calls on the powers of darkness!
Your body is wracked with pain!
You hear a shout!
You take 29 damage, and have 32/61 hp.
MASSIVE DAMAGE!!
You are too injured to fight recklessly!
You are too injured to fight recklessly!
You are too injured to fight recklessly!
You are too injured to fight recklessly!
You are too injured to fight recklessly!
You are too injured to fight recklessly!
You are too injured to fight recklessly!
You are too injured to fight recklessly!
You are too injured to fight recklessly!
You are too injured to fight recklessly!
You are too injured to fight recklessly!
You are too injured to fight recklessly!
You are too injured to fight recklessly!
You are too injured to fight recklessly!
You are too injured to fight recklessly!
You are too injured to fight recklessly!
You are too injured to fight recklessly!
You are too injured to fight recklessly!
You are too injured to fight recklessly!
Unknown command.
Found a stone staircase leading up.
Menkaure hits you!!
* * * LOW HITPOINT WARNING * * *
You take 21 damage, and have 11/61 hp.
MASSIVE DAMAGE!!
You scratch Menkaure.
Menkaure is moderately damaged.
An ogre comes into view. It is wielding a +0 giant spiked club.
Menkaure hits you!
* * * LOW HITPOINT WARNING * * *
You take 10 damage, and have 1/61 hp.
You claw Menkaure!
Menkaure is severely damaged.
You barely miss Menkaure.
Menkaure is severely damaged.
Menkaure mumbles some strange words.
Menkaure seems to speed up.
You barely miss Menkaure.
Menkaure is severely damaged.
Menkaure draws the symbol "Udjat" in the dust.
Menkaure completely misses you. The ogre barely misses you.
You barely miss Menkaure.
Menkaure is severely damaged.
You block Menkaure's attack.
You claw Menkaure!
You destroy Menkaure!
You have reached level 7!
The ogre hits you with a +0 giant spiked club!
You die...

█.██ █.█████████
█.█ █.
█.█......█ █.█
█. █.█......█
███.█ █..
█.█.......█
...██ █..
█.█.......█ ..██
██<..█.█..../..█
..█
█....█.█.......█
..█
█......█...█.█
..█ ██....@█
..█.. .██
......O.█ .. .█
█████...[ .█
....... .█
█........


██████████ You could see an ogre.

Vanquished Creatures
  Grinder (D:3)
  Menkaure (D:4)
  An ogre (D:4)
  A scorpion (D:4)
  An orc wizard (D:4)
  2 worker ants (D:4)
  3 adders
  A worm (D:2)
  3 dart slugs
  2 leopard geckos (D:3)
  3 orcs (D:4)
  4 giant cockroaches
  12 goblins
  6 hobgoblins
  3 jackals (D:2)
  A quokka (D:2)
  A ball python (D:3)
  7 bats
  6 frilled lizards
  7 kobolds
  4 rats
70 creatures vanquished.

Notes
Turn   | Place    | Note
-------+----------+-------------------------------------------
     0 | D:1      | Goblin1989 the Troll Fighter began the quest for the Orb.
     0 | D:1      | Reached XP level 1. HP: 22/22 MP: 0/0
   180 | D:1      | Reached XP level 2. HP: 29/29 MP: 1/1
   842 | D:2      | Reached XP level 3. HP: 36/36 MP: 2/2
  1046 | D:2      | Found a sparkling altar of Nemelex Xobeh.
  1048 | D:2      | Reached skill level 3 in Unarmed Combat
  1428 | D:2      | Found an ornate altar of the Wu Jian Council.
  1515 | D:3      | Reached XP level 4. HP: 44/44 MP: 3/3
  1578 | D:3      | Found a glowing golden altar of the Shining One.
  1896 | D:3      | Noticed Grinder
  1903 | D:3      | Killed Grinder
  1903 | D:3      | Reached skill level 4 in Unarmed Combat
  1903 | D:3      | Reached XP level 5. HP: 37/53 MP: 4/4
  1903 | D:3      | Reached XP level 6. HP: 42/61 MP: 5/5
  2158 | D:4      | Found a shadowy altar of Dithmenos.
  2162 | D:4      | Found a shimmering blue altar of Sif Muna.
  2215 | D:4      | Found a stormy altar of Qazlal.
  2501 | D:4      | Reached skill level 5 in Unarmed Combat
  2566 | D:4      | Noticed Menkaure
  2571 | D:4      | HP: 1/61 [Menkaure (10)]
  2576 | D:4      | Killed Menkaure
  2576 | D:4      | Reached XP level 7. HP: 4/68 MP: 6/6
  2576 | D:4      | Mangled by an ogre

Illustrated notes

Levels and vault maps discovered:
D:1:      matt_arrival_refuge, layout_loops_corners
D:2:      layout_loops_ring, overflow_temple_1_default,
          nemelex_diamond_rough_becter
D:3:      layout_rooms, first_ration, nicolae_tso_swordbearing_angel,
          uniq_grinder
D:4:      layout_cave_pods, kennysheep_mini, grunt_temple_overflow_open,
          serial_co_window_serial, co_window_paths_a, co_window_paths_a,
          co_window_paths_a, co_window_cross_1, co_window_paths_a,
          co_window_broadway_b, co_window_corner_b, co_window_of_opportunity_b,
          co_window_corner_cb, co_window_of_opportunity_b, co_window_broadway_a,
          glass_columns_a, glass_columns_b, glass_columns_b, uniq_menkaure

Skill      XL: |  1  2  3  4  5  6 |
---------------+-------------------+-----
Unarmed Combat | 3 4 5 |  5.3
Fighting       | 3 |  3.7
Dodging        | 3 |  3.8
Shields        | 3 |  3.7

Action                   |  1- 3 |  4- 6 |  7- 9 || total
-------------------------+-------+-------+-------++-------
Melee: Unarmed           |    99 |    90 |       ||   189
  Eat: Ration            |     1 |     2 |       ||     3
Armor: Robe              |    24 |    32 |       ||    56
Dodge: Dodged            |    25 |    26 |       ||    51
Block: Kite shield       |    30 |    42 |       ||    72

Table legend:
 A = Non-vault XP
 B = Vault XP
 C = Vault XP percentage of total XP
 D = Non-vault monster count
 E = Vault monster count
 F = Vault count percentage of total count
                 A         B        C        D         E       F
            +---------+---------+-------+---------+---------+-------
      Total |     449 |     447 |  49.9 |      68 |       2 |   2.9
            +---------+---------+-------+---------+---------+-------
        D:1 |      33 |       0 |   0.0 |      18 |       0 |   0.0
        D:2 |      57 |       0 |   0.0 |      23 |       0 |   0.0
        D:3 |      43 |     272 |  86.3 |      18 |       1 |   5.3
        D:4 |     316 |     175 |  35.6 |       9 |       1 |  10.0
            +---------+---------+-------+---------+---------+-------
